 Dungeon Crawl Stone Soup version 0.20.1-1-g8b1a95d (webtiles) character file.

1617 manon the Grappler (level 8, 0/57 (58) HPs)
             Began as a Demonspawn Fighter on Sept 5, 2017.
             Killed by nerve-wracking pain
             ... invoked by an orc priest
              (3 damage)
             ... on level 6 of the Dungeon.
             The game lasted 00:29:27 (3464 turns).

manon the Grappler (Demonspawn Fighter)             Turns: 3464, Time: 00:29:29

HP:   0/57 (58)     AC:  7    Str: 17    XL:     8   Next: 64%
MP:   8/8           EV: 10    Int: 12    God:
Gold: 198           SH:  9    Dex: 12    Spells: 7/7 levels left

rFire    . . .     SeeInvis .     - Unarmed
rCold    . . .     Gourm    .   k - +0 shield
rNeg     . . .     Faith    .   a - +0 scale mail
rPois    .         Spirit   .   (helmet restricted)
rElec    .         Reflect  .   (no cloak)
rCorr    .         Harm     .   i - +0 pair of gloves
MR       .....                  (no boots)
Stlth    ..........             (no amulet)
Regen    0.2/turn               B - ring of flight
MPRegen  0.2/turn               n - +3 ring of evasion

@: no status effects
A: antennae 2, talons 1, powered by death 1
a: Evoke Flight


You were on level 6 of the Dungeon.
You were not hungry.

You visited 1 branch of the dungeon, and saw 6 of its levels.
You also visited: Sewer.

You collected 198 gold pieces.

Inventory:

Hand Weapons
 b - a +0 blowgun
Missiles
 y - 26 poisoned needles
 D - 4 curare-tipped needles
 G - a throwing net (quivered)
Armour
 a - a +0 scale mail (worn)
 i - a +0 pair of gloves (worn)
 k - a +0 shield (worn)
 q - a +0 buckler
Jewellery
 n - a +3 ring of evasion (right hand)
 B - a ring of flight (left hand)
Wands
 g - a wand of random effects (26/48)
 u - a wand of random effects (30/48)
 z - a wand of scattershot (6/9)
Scrolls
 e - a scroll of noise {unknown}
 f - 3 scrolls of blinking
 h - a scroll of identify
 l - a scroll of immolation {unknown}
 m - 2 scrolls of magic mapping
 o - a scroll of enchant armour {unknown}
 p - 2 scrolls of remove curse
 v - 2 scrolls of amnesia
 A - 4 scrolls of teleportation {unknown}
 C - a scroll of fear {unknown}
 F - a scroll of recharging {unknown}
Potions
 c - a potion of mutation {unknown}
 r - a potion of lignification {unknown}
 t - 2 potions of curing
 w - a potion of ambrosia {unknown}
 x - a potion of brilliance {unknown}
 E - a potion of heal wounds
 H - a potion of agility {unknown}
Comestibles
 d - 4 bread rations
 j - 4 meat rations
 s - 3 royal jellies


   Skills:
 - Level 3.0 Fighting
 - Level 2.6 Armour
 + Level 4.7 Shields
 * Level 9.4 Unarmed Combat


You had 7 spell levels left.
You didn't know any spells.

Dungeon Overview and Level Annotations

Branches:
Dungeon (6/15)             Temple (0/1) D:6

Altars:
Gozag
Kikubaaqudgha
Nemelex Xobeh
Qazlal
Sif Muna
Uskayaw

Annotations:
D:4 Menkaure
D:5 ConnectionFaild's ghost, novice CeHu


Innate Abilities, Weirdness & Mutations

You have a pair of antennae on your head.
You have sharp toenails.
You regenerate a little health from kills.


Message History

a dagger; a robe; an orc corpse The orc priest begins to cast a cantrip, but forgets the words!
You hit the orc priest.
The orc priest is severely wounded.
You block the orc priest's attack.
You hit the orc priest. Your kick misses the orc priest.
The orc priest is almost dead.
The orc priest hits you with a flail.
* * * LOW HITPOINT WARNING * * *
You completely miss the orc priest. Your kick misses the orc priest.
The orc priest is almost dead.
The orc priest hits you with a flail.
* * * LOW HITPOINT WARNING * * *
You closely miss the orc priest.
The orc priest is almost dead.
Your shield and scale mail prevent you from hitting the orc priest.
The orc priest is almost dead.
The orc priest mumbles some strange prayers to Beogh against you.
Pain shoots through your body!
You die...

### ..# ####### #.## #.....#
#♣♣ # .).## #.###.# #≈P♣P≈#
###)#######.# #.# ###P≈≈P≈♣ #
#.........###.## ##..≈≈≈♣
###)#............# #..♣;≈≈PP≈≈
......#########.@###)P♣≈≈≈≈≈PP
#.##### #..o...♣♣≈≈P≈≈≈≈ $.#
##.###♣♣ ≈≈≈≈≈≈♣ ### #.# {
PP≈≈≈P≈ #.# ≈P≈≈≈≈≈ ..# { ...
≈≈≈≈≈≈≈ #.# #.. # #.# #.#


You could see an orc priest.

Vanquished Creatures
  Sigmund (D:3)
  Purgy (Sewer)
  3 ice beasts (D:5)
  A necrophage (D:6)
  A phantom (D:3)
  A centaur (D:5)
  A bullfrog (D:6)
  A scorpion (D:4)
  2 crimson imps
  A bullfrog zombie (D:3)
  A bullfrog skeleton (D:6)
  3 hounds
  5 orc priests
  An iguana (D:4)
  Ijyb (D:3)
  3 orc wizards
  2 worker ants (D:6)
  A hound skeleton (D:6)
  5 adders
  2 oozes
  8 worms
  A leopard gecko (D:6)
  20 orcs
  7 giant cockroaches
  9 goblins
  6 hobgoblins
  2 jackals (Sewer)
  12 kobolds
  4 quokkas
  6 bats
  4 frilled lizards
  10 rats
126 creatures vanquished.

Notes
Turn   | Place    | Note
-------+----------+-------------------------------------------
     0 | D:1      | manon the Demonspawn Fighter began the quest for the Orb.
     0 | D:1      | Reached XP level 1. HP: 18/18 MP: 1/1
   102 | D:1      | Reached skill level 2 in Unarmed Combat
   192 | D:1      | Gained mutation: You have a pair of small antennae on your head. [demonic ancestry]
   192 | D:1      | Reached XP level 2. HP: 24/24 MP: 2/2
   379 | D:1      | Reached skill level 3 in Unarmed Combat
   530 | D:2      | Gained mutation: You regenerate a little health from kills. [demonic ancestry]
   530 | D:2      | Reached XP level 3. HP: 25/29 MP: 3/3
   812 | D:2      | Found a hide-covered altar of Uskayaw.
   827 | D:2      | Found a deep blue altar of Sif Muna.
   840 | D:2      | Found a stormy altar of Qazlal.
   938 | D:2      | Found an opulent altar of Gozag.
  1050 | D:3      | Noticed a phantom
  1092 | D:4      | Reached XP level 4. HP: 14/35 MP: 4/4
  1095 | D:4      | Reached skill level 4 in Unarmed Combat
  1112 | D:4      | Found an opulent altar of Gozag.
  1244 | D:4      | Reached skill level 5 in Unarmed Combat
  1244 | D:4      | Reached XP level 5. HP: 9/41 MP: 5/5
  1246 | D:4      | Noticed Menkaure
  1501 | D:3      | Noticed Sigmund
  1514 | D:3      | Killed Sigmund
  1514 | D:3      | Reached skill level 6 in Unarmed Combat
  1514 | D:3      | Gained mutation: You have sharp toenails. [demonic ancestry]
  1514 | D:3      | Reached XP level 6. HP: 40/47 MP: 6/6
  1524 | D:3      | Found an ancient bone altar of Kikubaaqudgha.
  1634 | D:3      | Found a glowing drain.
  1645 | Sewer    | Entered a sewer
  1708 | Sewer    | Noticed Purgy
  1733 | Sewer    | Killed Purgy
  1733 | Sewer    | Reached skill level 7 in Unarmed Combat
  1733 | Sewer    | Reached XP level 7. HP: 37/52 MP: 7/7
  1979 | D:3      | Found a sparkling altar of Nemelex Xobeh.
  2017 | D:3      | Noticed Ijyb
  2026 | D:3      | Killed Ijyb
  2069 | D:5      | Entered Level 5 of the Dungeon
  2289 | D:5      | Noticed ConnectionFaild's ghost (novice CeHu)
  2385 | D:5      | Reached skill level 8 in Unarmed Combat
  2815 | D:5      | Gained mutation: You have a pair of antennae on your head. [demonic ancestry]
  2815 | D:5      | Reached XP level 8. HP: 42/58 MP: 8/8
  3097 | D:6      | Reached skill level 9 in Unarmed Combat
  3111 | D:6      | Found a staircase to the Ecumenical Temple.
  3464 | D:6      | Killed from afar by an orc priest

Skill      XL: |  1  2  3  4  5  6  7  8 |
---------------+-------------------------+-----
Unarmed Combat | 2 3 5 6 7 8 9 |  9.4
Shields        | 3 4 |  4.7
Fighting       | |  3.0
Armour         | |  2.6

Action                   |  1- 3 |  4- 6 |  7- 9 || total
-------------------------+-------+-------+-------++-------
Melee: Unarmed           |   206 |   193 |   227 ||   626
       Kick              |       |    14 |    58 ||    72
 Fire: Blowgun           |       |    12 |     4 ||    16
  Use: Potion            |     1 |     7 |     1 ||     9
       Scroll            |       |       |     4 ||     4
  Eat: Chunk             |     1 |     2 |     6 ||     9
Armor: Scale mail        |    93 |   100 |    52 ||   245
Dodge: Dodged            |    59 |    50 |    44 ||   153
Block: Shield            |    65 |    79 |    60 ||   204
       Buckler           |    10 |       |       ||    10
